 Dungeon Crawl Stone Soup version 0.30-a0-458-g86641cc369 (webtiles) character file.

Game seed: 15362252701540622881

912 cforsyth the Shield-Bearer (level 7, -1/71 HPs)
             Began as a Troll Fighter on Dec 15, 2022.
             Slain by a gnoll
             ... wielding a +0 halberd
              (6 damage)
             ... on level 5 of the Dungeon.
             The game lasted 00:07:52 (4171 turns).

cforsyth the Shield-Bearer (Troll Fighter)          Turns: 4171, Time: 00:07:53

Health: -1/71      AC:  4    Str: 31    XL:     7   Next: 82%
Magic:  6/6        EV:  9    Int:  6    God:
Gold:   433        SH:  8    Dex:  9    Spells: 6/6 levels left

rFire   . . .      SeeInvis .      - Unarmed
rCold   . . .      Faith    .    b - +0 kite shield
rNeg    . . .      Spirit   .    a - +0 robe
rPois   .          Reflect  .    (helmet restricted)
rElec   .          Harm     .    (no cloak)
rCorr   .          Rampage  .    (gloves unavailable)
Will    .....                    (boots unavailable)
Stlth   +.........               (no amulet)
HPRegen 1.11/turn                k - +6 ring of strength
MPRegen 0.10/turn                (no ring)

@: no status effects
A: large, unfitting armour, claws 3, regeneration 1, shaggy fur 1, tough skin 1
a: no special abilities


You were on level 5 of the Dungeon.
You visited 1 branch of the dungeon, and saw 5 of its levels.
You also visited: Ossuary.

You collected 433 gold pieces.

Inventory:

Armour
 a - a +0 robe (worn)
 b - a +0 kite shield (worn)
Jewellery
 i - a ring of ice
 k - a +6 ring of strength (left claw)
Wands
 q - a wand of roots (10)
Scrolls
 d - 4 scrolls of enchant weapon
 g - 4 scrolls of identify
 l - 5 scrolls of teleportation
 n - a scroll of immolation
 s - a scroll of fog {unknown}
 t - a scroll of summoning {unknown}
 v - a scroll of enchant armour {unknown}
 w - a scroll of vulnerability {unknown}
Potions
 c - 2 potions of might
 e - a potion of heal wounds {unknown}
 f - 2 potions of lignification {unknown}
 h - 2 potions of cancellation {unknown}
 j - a potion of berserk rage {unknown}
 m - a potion of resistance {unknown}
 o - 3 potions of brilliance {unknown}
 p - a potion of flight {unknown}
 r - 10 potions of curing {unknown}
 u - 2 potions of attraction {unknown}


   Skills:
 + Level 4.4 Fighting
 + Level 4.4 Dodging
 + Level 4.8 Shields
 + Level 4.8 Unarmed Combat


You had 6 spell levels left.
You didn't know any spells.
Your spell library contained the following spells:

 Spells                   Type           Power      Damage    Failure   Level
 Beastly Appendage        Tmut           0%         N/A       73%         1
 Necrotise                Necr           0%         1d4       73%         1
 Sandblast                Erth           0%         2d4       73%         1
 Passwall                 Tmut/Erth      0%         N/A       86%         2
 Wereblood                Tmut           0%         N/A       86%         2
 Spider Form              Tmut/Pois      0%         N/A       97%         3
 Stone Arrow              Conj/Erth      0%         3d7       97%         3
 Vampiric Draining        Necr           0%         2d6       97%         3
 Agony                    Necr           0%         N/A       100%        5


Dungeon Overview and Level Annotations

Branches:
Dungeon (5/15)            Ossuary (visited)
 Temple: D:4-7

Altars:
Gozag
Zin

Shops:
D:4 *

Annotations:
D:3 3 runed translucent doors, olddryhag's ghost, amateur DsGl


Innate Abilities, Weirdness & Mutations

You are too large for most types of armour.
You have claws for hands.
Your natural rate of healing is unusually fast.
You are covered in fur. (AC +1)
You have tough skin. (AC +1)


Message History

The gnoll freezes you.
You closely miss the gnoll.
The gnoll is severely wounded.
The gnoll hits you from afar with a +0 halberd!
You block the gnoll's attack. The gnoll closely misses you.
The gnoll hits you with a +0 whip.
The gnoll hits you with a +1 whip of freezing!
The gnoll freezes you.
You barely miss the gnoll.
The gnoll is severely wounded.
The gnoll hits you with a +0 halberd. You block the gnoll's attack.
The gnoll hits you with a +1 whip of freezing.
The gnoll freezes you.
You claw the gnoll!
You kill the gnoll!
The gnoll hits you with a +0 halberd!
* * * LOW HITPOINT WARNING * * *
The gnoll completely misses you. The gnoll barely misses you.
You block the gnoll's attack. You block the gnoll's attack.
You scratch the gnoll.
The gnoll is lightly wounded.
You block the gnoll's attack. The gnoll hits you with a +0 whip.
* * * LOW HITPOINT WARNING * * *
You barely miss the gnoll.
The gnoll is lightly wounded.
The gnoll hits you from afar with a +0 halberd.
* * * LOW HITPOINT WARNING * * *
The gnoll hits you with a +0 whip.
* * * LOW HITPOINT WARNING * * *
You claw the gnoll!
The gnoll is severely wounded.
The gnoll hits you from afar with a +0 halberd.
* * * LOW HITPOINT WARNING * * *
The gnoll closely misses you.
You claw the gnoll!
You kill the gnoll!
The gnoll hits you from afar with a +0 halberd.
You die...

...#...........#####.#########.#
.....#...###...# #. ###.##
...#.....###...## #. #....#
.....#.......... #. #.#.##
##.#......##...# .#.#######.#.#
.....#........!##............#.##
...#........)...................#
.....#.....)..g###.#.######..#.##
...............)@............#.#
........#......###.#.######..#.#
..................... #..#.#
...#.###..###..#### .# #..#.#
...#.###..###..# ##.######..#.#
................. .....>†......#
...#.####..........#..#####..#.#
..........###..###.#..## #..#.#
...................#...####..#.##


You could see a gnoll.

Vanquished Creatures
  Menkaure (D:4)
  A black bear (D:4)
  An ogre (D:5)
  A hound (D:4)
  An orc priest (D:3)
  Natasha (thrice) (D:4)
  An iguana (D:3)
  9 mummies
  18 gnolls
  5 adders
  A white imp (D:5)
  A worm (D:4)
  6 dart slugs
  9 orcs
  5 endoplasms
  4 giant cockroaches
  11 goblins
  8 hobgoblins
  3 jackals (D:2)
  11 kobolds
  7 quokkas
  6 ball pythons
  4 bats
  3 frilled lizards (D:2)
  A goblin zombie (D:4)
  A hobgoblin zombie (Ossuary)
  2 kobold zombies (Ossuary)
  6 orc zombies
  7 rats
137 creatures vanquished.

Notes
Turn   | Place    | Note
-------+----------+-------------------------------------------
     0 | D:1      | cforsyth the Troll Fighter began the quest for the Orb.
     0 | D:1      | Reached XP level 1. HP: 22/22 MP: 0/0
    77 | D:1      | Reached XP level 2. HP: 29/29 MP: 1/1
   486 | D:1      | Reached XP level 3. HP: 36/36 MP: 2/2
   885 | D:2      | Reached XP level 4. HP: 44/44 MP: 3/3
  1315 | D:3      | Noticed a black bear
  1333 | D:4      | Found Zin's Purification Station.
  1335 | D:4      | Found a glowing silver altar of Zin.
  1336 | D:4      | Noticed Menkaure
  1357 | D:4      | Killed Menkaure
  1358 | D:4      | Reached XP level 5. HP: 18/53 MP: 4/4
  1553 | D:4      | Found a sand-covered staircase.
  1558 | D:4      | Reached XP level 6. HP: 46/61 MP: 5/5
  1561 | Ossuary  | Entered an ossuary
  2271 | D:4      | Noticed Natasha
  2280 | D:4      | Killed Natasha
  2441 | D:4      | Noticed Natasha
  2445 | D:4      | Killed Natasha
  2446 | D:4      | Reached XP level 7. HP: 68/68 MP: 6/6
  2867 | D:3      | Found a runed translucent gate.
  2868 | D:3      | Found a runed translucent gate.
  2869 | D:3      | Found an opulent altar of Gozag.
  2879 | D:3      | Found a runed translucent gate.
  3467 | D:3      | Noticed olddryhag's ghost (amateur DsGl)
  3662 | D:4      | Noticed Natasha
  3669 | D:4      | Killed Natasha
  3693 | D:5      | Entered Level 5 of the Dungeon
  4171 | D:5      | Slain by a gnoll

Illustrated notes

Levels and vault maps discovered:
D:1:      psy_arrival_fountain, layout_basic, amcnicky_mini_corridor_feature
D:2:      layout_rooms, serial_curves, eino_curves_03, eino_curves_01
D:3:      layout_loops_ring, ebering_ghost_gozag, chequers_avenue
D:4:      minmay_door_path, layout_basic, zin_purify,
          nicolae_ossuary_entry_giza, uniq_natasha, uniq_menkaure
D:5:      layout_basic, minmay_misc_feat_pillars, hangedman_decor_opposing

Skill      XL: |  1  2  3  4  5  6  7 |
---------------+----------------------+-----
Shields        | 3 4 |  4.8
Fighting       | 3 4 |  4.4
Dodging        | 3 4 |  4.4
Unarmed Combat | 3 4 |  4.8

Action                   |  1- 3 |  4- 6 |  7- 9 || total
-------------------------+-------+-------+-------++-------
Melee: Unarmed           |   150 |   171 |   111 ||   432
  Use: Scroll            |       |     4 |       ||     4
 Stab: Sleeping          |       |     1 |       ||     1
Armor: Robe              |    60 |    30 |    21 ||   111
Dodge: Dodged            |    55 |    94 |    41 ||   190
Block: Kite shield       |    63 |    59 |    57 ||   179

Table legend: (Time is in decaauts)
 A = Elapsed time spent in this place.
 B = Non-inter-level travel time spent in this place.
 C = Inter-level travel time spent in this place.
 D = Time resting spent in this place.
 E = Time spent auto-exploring this place.
 F = Levels seen in this place.
 G = Mean time per level.
                   A        B        C        D        E       F      G
               +--------+--------+--------+--------+--------+-----+--------+
         Total |   4203 |   4111 |     92 |    332 |   2562 |   6 |  700.5 |
       Dungeon |   3951 |   3859 |     92 |    332 |   2418 |   5 |  790.2 |
       Ossuary |    251 |    251 |      0 |      0 |    144 |   1 |  251.0 |
               +--------+--------+--------+--------+--------+-----+--------+

Top non-repeatable levels by time:
     D:4: 1306 daAuts
     D:3: 951 daAuts
     D:1: 761 daAuts
     D:5: 479 daAuts
     D:2: 452 daAuts
 Ossuary: 251 daAuts
